Zazza, neutral female human Tourist ------ #--------- -------- ----- ##......#########-.......| |......| ------- |...| # |^..>| #|......<| |......| |.....| |...-#### |..... |.......| |.......# |.....| ######## |...| ------ ----.---- ##.......|# |......# -.---- --|-- # # --------# ##......|# |....| # # # # # |.....|# |....| ### ### # # ### -------# |....| # # # # # # ----.- ### ### # # # # # # # # #### # # ########## ###### -------.--# #------# #-.-------- ------------|- |........|# #|....|# #|........| |..........@.| |........|# #-.....# #|........| |...........@| |........|# |....| #.........| |...........f| |........-# |....| ---------- |............| |........| ------ |...........(| ---------- -------------- Zazza the Rambler Experience level: 2 Strength: 12 Dexterity: 9 Constitution: 18 Intelligence: 10 Wisdom: 10 Charisma: 18 Health: 0(18) Energy: 5(5) Def: 9 Gold: 0 Moves: 1967 Dungeon seed: D32iDW2STSxPqqwa Game ID: Zazza_1574720168 Your Inventory: Weapons a - 26 +2 darts (in quiver) o - a +0 orcish dagger p - 6 blessed +1 darts w - a +0 elven dagger (weapon in hand) Armor e - an uncursed +0 Hawaiian shirt f - an uncursed +0 helmet q - an uncursed +0 orcish helm (being worn) z - an uncursed +0 cloak of protection (being worn) Y - a blessed +2 studded leather armor (being worn) Comestibles c - 3 uncursed food rations h - an uncursed orange i - 2 uncursed tripe rations Scrolls k - 3 uncursed scrolls of magic mapping t - an uncursed scroll of identify C - an uncursed scroll of light Potions B - an uncursed potion of levitation Rings d - an uncursed ring of warning r - an uncursed ring of stealth (on left hand) s - an uncursed ring of protection from shape changers (on right hand) J - an uncursed +1 ring of protection L - a cursed ring of teleportation Wands O - a wand of light (0:13) Q - a wand of nothing (0:8) Tools l - an expensive camera (0:51) m - an uncursed credit card n - an uncursed tin opener A - an uncursed magic whistle F - an uncursed mirror Gems y - an uncursed worthless piece of violet glass Spells and supernatural/magical abilities: Name Level Category Fail Memory W - pray for help -- divine ? -- Your skills at the end: Fighting Skills Weapon Skills dart [Basic] Spellcasting Skills Final Attributes: You were stridently aligned. You were stealthy. You were protected. You were protected from shape changers. You are dead. Vanquished creatures: a hobbit a yellow mold 2 geckos 3 jackals a fox 2 kobolds a goblin 6 grid bugs 3 lichens a kobold zombie 4 newts 25 creatures vanquished. Voluntary challenges: You were an atheist. You used a wielded weapon 17 times, starting on turn 89. You read items or engraved 1 time, starting on turn 55. You never genocided any monsters. You never polymorphed an object. You never changed form. You used no wishes. You never split a pudding. You never wrote Elbereth's name. You violated your moral code, losing 1 point of alignment, starting on turn 1964. Dungeon overview: The Dungeons of Doom: levels 1 to 3 Level 1 a fountain a long staircase Level 2 an armor shop, a fountain a long staircase Level 3 <- You were here a general store History has recorded: On T:1 you entered the Dungeons of Doom to retrieve the Amulet of Yendor! On T:401 you reached level 2 of The Dungeons of Doom. On T:798 you advanced to experience level 2. On T:1133 you reached level 3 of The Dungeons of Doom. Score breakdown: Gold: 0 ( 0 points) Experience: 2 levels ( 5570 points) Exploration: 3 levels ( 6.25%) ( 6188 points) Discoveries: 8 items ( 2.68%) ( 4915 points) Valuables value: (no points given unless you survive) Artifact value: 0 ( 0 points) Variety of kills: 11 monsters ( 2.89%) ( 5097 points) Turncount: 1967 turns ( 0 points) Survival: died (score multiplied by 80%) Total score: 17416 Latest messages: The magic missile bounces! (2x) Asidonhopo zaps a wand of magic missile! The magic missile hits you! The magic missile bounces! The magic missile hits you! The magic missile hits Asidonhopo! You feel less confused now. Never mind. You feel much better. Asidonhopo zaps a wand of magic missile! The magic missile hits you! The magic missile bounces! (2x) You feel much better. Asidonhopo zaps a wand of magic missile! The magic missile hits you! The magic missile bounces! (2x) Asidonhopo zaps a wand of magic missile! The magic missile hits you! You die... Asidonhopo takes all your possessions. Final status: Aloha Zazza the Tourist, killed by a magic missile... You died in The Dungeons of Doom on dungeon level 3 with 17416 points, and 0 pieces of gold, after 1967 moves. You were level 2 with a maximum of 18 hit points when you died.